 Dungeon Crawl Stone Soup version 0.20.0-15-g7f486f2 (webtiles) character file.

111 anfisbena the Slasher (level 4, -6/35 HPs)
             Began as a Demonspawn Abyssal Knight on June 16, 2017.
             Was a Believer of Lugonu.
             Killed by Freeze
             ... invoked by ThereIsNoGod's ghost
              (10 damage)
             ... on level 3 of the Dungeon.
             The game lasted 00:03:25 (2593 turns).

anfisbena the Slasher (Demonspawn Abyssal Knight)   Turns: 2593, Time: 00:03:26

Health: -6/35      AC:  3    Str: 13    XL:     4   Next: 62%
Magic:  5/5        EV: 11    Int: 13    God:    Lugonu [**....]
Gold:   137        SH:  0    Dex: 13    Spells: 3/3 levels left

rFire    . . .     SeeInvis .   a - +1 falchion
rCold    . . .     Gourm    .   (no shield)
rNeg     . . .     Faith    .   b - +0 leather armour
rPois    .         Spirit   .   (helmet restricted)
rElec    .         Reflect  .   (no cloak)
rCorr    .         Harm     .   (no gloves)
MR       .....                  (no boots)
Stlth    +.........             (no amulet)
Regen    0.2/turn               (no ring)
MPRegen  0.1/turn               (no ring)

@: no status effects
A: horns 1, powered by death 1
a: Depart the Abyss, Bend Space, Renounce Religion


You were on level 3 of the Dungeon.
You worshipped Lugonu.
Lugonu was pleased with you.
You were hungry.

You visited 1 branch of the dungeon, and saw 3 of its levels.
You visited the Abyss 1 time.

You collected 137 gold pieces.

Inventory:

Hand Weapons
 a - a +1 falchion (weapon)
Armour
 b - a +0 leather armour (worn)
 s - a cursed +0 pair of boots
Jewellery
 r - an uncursed ring of flight {unknown}
Scrolls
 d - 3 scrolls of identify {unknown}
 e - 2 scrolls of teleportation {unknown}
 i - 2 scrolls of immolation {unknown}
 k - 2 scrolls of enchant armour {unknown}
 t - a scroll of amnesia {unknown}
Potions
 f - a potion of haste {unknown}
 g - a potion of curing {unknown}
 h - 3 potions of mutation {unknown}
 j - 3 potions of degeneration {unknown}
 m - a potion of flight {unknown}
 n - a potion of experience {unknown}
 p - a potion of ambrosia {unknown}
 q - a potion of heal wounds {unknown}
Comestibles
 c - a bread ration
 l - a meat ration
 o - 2 chunks of flesh


   Skills:
 - Level 3.0 Fighting
 + Level 4.4 Long Blades
 - Level 1.7 Armour
 - Level 0.8 Dodging
 - Level 2.4 Invocations


You had 3 spell levels left.
You didn't know any spells.

Dungeon Overview and Level Annotations

Branches:
Dungeon (3/15)

Altars:

Annotations:
D:3 ThereIsNoGod's ghost, amateur OpIE


Innate Abilities, Weirdness & Mutations

You have a pair of small horns on your head.
You regenerate a little health from kills.


Message History

ThereIsNoGod's ghost stares at you and mumbles some strange words.
You are frozen.
* * * LOW HITPOINT WARNING * * *
You hit ThereIsNoGod's ghost. You headbutt ThereIsNoGod's ghost.
ThereIsNoGod's ghost is almost destroyed.
ThereIsNoGod's ghost barely misses you.
You hit ThereIsNoGod's ghost but do no damage.
ThereIsNoGod's ghost is almost destroyed.
ThereIsNoGod's ghost barely misses you.
You closely miss ThereIsNoGod's ghost.
Your headbutt misses ThereIsNoGod's ghost.
ThereIsNoGod's ghost is almost destroyed.
ThereIsNoGod's ghost hits you.
* * * LOW HITPOINT WARNING * * *
You hit ThereIsNoGod's ghost.
ThereIsNoGod's ghost is almost destroyed.
You hear the brisk rusting of a drain nearby.
ThereIsNoGod's ghost casts a spell at you.
You are frozen.
You die...

#....###..##
#.........#
#######...##....#
..........# .!...
########..##.....
................
#######g###.....
#W# ..# #@# .#
#.# #.. #..$
....≈ ...≈≈≈
##≈≈### ###


You could see ThereIsNoGod's ghost and a goblin.

Vanquished Creatures
  A gnoll (D:1)
  3 adders
  A worm (D:3)
  A dart slug (D:1)
  2 leopard geckos
  4 ball pythons
  13 giant cockroaches
  2 goblins (D:3)
  5 hobgoblins
  6 jackals
  3 quokkas
  6 bats
  2 frilled lizards
  5 kobolds
  8 rats
62 creatures vanquished.

Notes
Turn   | Place    | Note
-------+----------+-------------------------------------------
     0 | Abyss:1  | anfisbena the Demonspawn Abyssal Knight began the quest for the Orb.
     0 | Abyss:1  | Reached XP level 1. HP: 18/18 MP: 2/2
    65 | Abyss:1  | Noticed a wretched star
    70 | D:1      | Escaped the Abyss
    97 | D:1      | Reached skill level 2 in Long Blades
   341 | D:1      | Gained mutation: You have a pair of small horns on your head. [demonic ancestry]
   341 | D:1      | Reached XP level 2. HP: 20/24 MP: 3/3
   606 | D:1      | Reached * piety under Lugonu
   612 | D:1      | Reached skill level 3 in Long Blades
   929 | D:1      | Gained mutation: You regenerate a little health from kills. [demonic ancestry]
   929 | D:1      | Reached XP level 3. HP: 27/29 MP: 4/4
  1815 | D:2      | Reached XP level 4. HP: 34/35 MP: 5/5
  1842 | D:2      | Reached skill level 4 in Long Blades
  2074 | D:2      | Reached ** piety under Lugonu
  2271 | D:3      | Found a faded altar of an unknown god.
  2553 | D:3      | Noticed ThereIsNoGod's ghost (amateur OpIE)
  2593 | D:3      | Killed from afar by ThereIsNoGod's ghost

Skill      XL: |  1  2  3  4 |
---------------+-------------+-----
Long Blades    | 2 3 4 |  4.4
Fighting       | |  3.0
Armour         | |  1.7
Dodging        | |  0.8
Invocations    | |  2.4

Action                   |  1- 3 |  4- 6 || total
-------------------------+-------+-------++-------
Melee: Falchion          |    93 |    78 ||   171
       Headbutt          |    11 |     9 ||    20
Invok: Depart the Abyss  |     1 |       ||     1
 Stab: Sleeping          |       |     1 ||     1
  Eat: Chunk             |     3 |     2 ||     5
Armor: Leather armour    |    37 |    16 ||    53
Dodge: Dodged            |    70 |    43 ||   113
       Rpst.: Falchion   |    22 |    10 ||    32
